 Dungeon Crawl Stone Soup version 0.27-a0-1149-g4505690ab0 (webtiles) character file.

Game seed: 14609102815474833192

78 freelancePsychic the Poker (level 4, 0/34 HPs)
             Began as a Merfolk Gladiator on May 12, 2021.
             Was a Follower of Nemelex Xobeh.
             Slain by a goblin
             ... wielding a +0 club
             ... led by Robin
              (5 damage)
             ... on level 2 of the Dungeon.
             The game lasted 00:03:50 (1766 turns).

freelancePsychic the Poker (Merfolk Gladiator)      Turns: 1766, Time: 00:03:51

Health: 0/34       AC:  4    Str: 14    XL:     4   Next: 36%
Magic:  4/4        EV: 13    Int:  7    God:    Nemelex Xobeh [*.....]
Gold:   73         SH:  0    Dex: 16    Spells: 3/3 levels left

rFire    . . .     SeeInvis .   a - +0 trident
rCold    . . .     Faith    .   (no shield)
rNeg     . . .     Spirit   .   b - +0 leather armour
rPois    .         Reflect  .   c - +0 helmet
rElec    .         Harm     .   (no cloak)
rCorr    .         Rampage  .   (no gloves)
Will     .....                  (no boots)
Stlth    +.........             (no amulet)
HPRegen  0.11/turn              (no ring)
MPRegen  0.09/turn              (no ring)

@: no status effects
A: (nimble swimmer 2), mertail
a: Renounce Religion, Draw Escape, Draw Destruction, Draw Summoning


You were on level 2 of the Dungeon.
You worshipped Nemelex Xobeh.
Nemelex Xobeh was aware of your devotion.
You visited 1 branch of the dungeon, and saw 2 of its levels.

You collected 73 gold pieces.

Inventory:

Hand Weapons
 a - a +0 trident (weapon)
 f - a +0 hunting sling
Missiles
 d - 3 throwing nets (quivered)
 h - 2 javelins
Armour
 b - a +0 leather armour (worn)
 c - a +0 helmet (worn)
 i - a +0 plate armour
Scrolls
 g - 2 scrolls of identify {unknown}
 j - a scroll of teleportation {unknown}
Potions
 e - 2 potions of resistance {unknown}
 k - a potion of brilliance {unknown}
 l - a potion of mutation {unknown}


   Skills:
 - Level 2.7 Fighting
 * Level 6.1 Polearms
 - Level 2.0 Throwing
 + Level 4.7 Dodging
 + Level 1.1 Invocations


You had 3 spell levels left.
You didn't know any spells.
Your spell library was empty.

Dungeon Overview and Level Annotations

Branches:
Dungeon (2/15)

Altars:
Nemelex Xobeh


Innate Abilities, Weirdness & Mutations

((You are quick and stealthy near water. (Stealth+, EV+, Speed+++)))
Your lower body shifts to a powerful aquatic tail in water.


Message History

You miss the frilled lizard. The goblin barely misses you.
The frilled lizard completely misses you.
You barely miss the frilled lizard. The goblin closely misses you.
The frilled lizard bites you but does no damage.
You miss the frilled lizard. The goblin barely misses you.
The frilled lizard completely misses you.
You hit the frilled lizard but do no damage.
The goblin hits you with a +0 club. The frilled lizard closely misses you.
You miss the frilled lizard. The goblin barely misses you.
The frilled lizard bites you but does no damage.
You miss the frilled lizard. The goblin misses you.
The frilled lizard completely misses you.
You hit the frilled lizard.
You kill the frilled lizard!
The goblin hits you with a +0 club.
The goblin no longer looks unusually strong.
You closely miss the goblin. The goblin hits you with a +0 club.
You hit the goblin.
You kill the goblin!
You closely miss the goblin. The goblin hits you with a +0 club.
* * * LOW HITPOINT WARNING * * *
You closely miss the goblin. The goblin hits you with a +0 club.
* * * LOW HITPOINT WARNING * * *
You hit the goblin.
The goblin is severely wounded.
The goblin hits you with a +0 club.
* * * LOW HITPOINT WARNING * * *
You barely miss the goblin.
The goblin is severely wounded.
The goblin hits you with a +0 club.
* * * LOW HITPOINT WARNING * * *
There is a stone staircase leading down here.
Reach: a) +0 trident
Press: ? - help, Dir - move target, f - goblin
Aim: a goblin, wielding a +0 club (severely wounded, about 44% to evade your +0 trident)
You closely miss the goblin.
The goblin is severely wounded.
The goblin hits you with a +0 club.
You die...
Your body disappears without a glow.

........#....#
####..#..#####
........####.####
##.#.....>. ......†.#
#....##### #.#..#####
.....^<.#
####.....####g##.#####
......†.#
#####...##)##...#..
.......##
###.##.####....
........# ##....)..#
#.#.. ........#
#######..#.....# ###..
#####.#.#
#...)@g.######...# ###
..#......####### ##..#
#.#... .... #.#.###
#.. ##


You could see a goblin.

Vanquished Creatures
  Robin (D:2)
  A gnoll (D:1)
  An adder (D:2)
  A dart slug (D:2)
  6 ball pythons
  An endoplasm (D:1)
  A giant cockroach (D:1)
  11 goblins
  5 hobgoblins
  4 kobolds (D:1)
  A quokka (D:1)
  4 bats
  5 frilled lizards
  4 rats
46 creatures vanquished.

Notes
Turn   | Place    | Note
-------+----------+-------------------------------------------
     0 | D:1      | freelancePsychic the Merfolk Gladiator began the quest for
                  | the Orb.
     0 | D:1      | Reached XP level 1. HP: 16/16 MP: 1/1
    34 | D:1      | Reached XP level 2. HP: 23/23 MP: 2/2
   317 | D:1      | Reached skill level 5 in Polearms
   508 | D:1      | Reached XP level 3. HP: 16/28 MP: 3/3
   775 | D:1      | Found a faded altar of an unknown god.
   779 | D:1      | Became a worshipper of Nemelex Xobeh the Trickster
   779 | D:1      | Reached * piety under Nemelex Xobeh
   779 | D:1      | Received a gift from Nemelex Xobeh
   856 | D:2      | Noticed Robin
  1500 | D:1      | Reached XP level 4. HP: 19/34 MP: 4/4
  1729 | D:2      | Reached skill level 1 in Invocations
  1736 | D:2      | Killed Robin
  1737 | D:2      | Reached skill level 6 in Polearms
  1766 | D:2      | Slain by a goblin

Illustrated notes

Levels and vault maps discovered:
D:1:      sevenhm_arrival_forest_fort_small_6, layout_loops_cross,
          hellmonk_ecumenical_altar_leap_of_faith, minmay_misc_feat_room
D:2:      layout_rooms, minmay_misc_feat_encased, kennysheep_generic_room_12,
          uniq_robin

Skill      XL: |  1  2  3  4 |
---------------+-------------+-----
Polearms       | 5 6 |  6.1
Invocations    | 1 |  1.1
Fighting       | |  2.7
Throwing       | |  2.0
Dodging        | |  4.7

Action                   |  1- 3 |  4- 6 || total
-------------------------+-------+-------++-------
Melee: Trident           |   136 |    36 ||   172
 Stab: Sleeping          |     1 |       ||     1
Armor: Leather armour    |    30 |    11 ||    41
Dodge: Dodged            |    91 |    20 ||   111

Table legend: (Time is in decaauts)
 A = Elapsed time spent in this place.
 B = Non-inter-level travel time spent in this place.
 C = Inter-level travel time spent in this place.
 D = Time resting spent in this place.
 E = Time spent auto-exploring this place.
 F = Levels seen in this place.
 G = Mean time per level.
                   A        B        C        D        E       F      G
               +--------+--------+--------+--------+--------+-----+--------+
         Total |   1776 |   1682 |     94 |    336 |   1013 |   2 |  888.0 |
       Dungeon |   1776 |   1682 |     94 |    336 |   1013 |   2 |  888.0 |
               +--------+--------+--------+--------+--------+-----+--------+

Top non-repeatable levels by time:
     D:1: 1491 daAuts
     D:2: 284 daAuts
